cohdb
Replays
Latest Replays
All Replays
Popular Replays
Top Player Replays
Match Explorer
How It Works
Community
CoH3 Stats
Reddit
Sign in to upload your games and track your stats! →
Sign in with Steam
Match 42508623
Unlisted
Match 42508623
Overview
Messages
Build Orders
End
Scout Squad
Construct Weapon Support Center
M1919 Machine Gun Team
M1919 Machine Gun Team
Bazooka Squad
M1919 Machine Gun Team
Infantry Support Center
M1919 Machine Gun Team
Selects Heavy Weapons
Selects Assault Carriers
Selects Exchangeable Parts
Selects Assault Carriers
Selects Exchangeable Parts
M3 Assault Carrier
M3 Assault Carrier
Engineer Squad
Selects M2HB .50cal Heavy Machine Gun
Construct Medical Station
M3 Assault Carrier
Bazooka Squad
Improved M9 Bazooka Rockets
Bazooka Squad
Selects M26 Pershing Heavy Tank
M26 Pershing Heavy Tank
Insomniac
bobik
Saueee
✠Kaiser✠ tushkan
0
0
Comments
sign in to comment!
No comments posted yet!